PCL
MEXICO CITY CERVECEROS @ MILE HIGH BRONCOS
05/07/2024
 
TOP OF THE 1ST
Mexico City Cerveceros batting - Pitching for Mile High Broncos : RHP Bob Smith
Pitching: RHP Bob Smith
Batting: RHB Henning Huisman 0-0: Ball
1-0: Ball
2-0: Called Strike
2-1: Ball
3-1: Foul Ball, location: 2F
3-2: Foul Ball, location: 2F
3-2: Foul Ball, location: 2F
3-2: Ground out 4-3 (Groundball, 4)
Batting: RHB Iván Gonzáles 0-0: Called Strike
0-1: Ball
1-1: Foul Ball, location: 2F
1-2: Foul Ball, location: 2F
1-2: Foul Ball, location: 2F
1-2: Strikes out swinging
Batting: LHB Robinson Fernández 0-0: Ball
1-0: Ball
2-0: Ball
3-0: Called Strike
3-1: Foul Ball, location: 2F
3-2: Ground out 4-3 (Groundball, 4)
Top of the 1st over - 0 run(s), 0 hit(s), 0 error(s), 0 left on base; Mexico City 0 - Mile High 0
BOTTOM OF THE 1ST
Mile High Broncos batting - Pitching for Mexico City Cerveceros : RHP Thomas Hughes
Pitching: RHP Thomas Hughes
Batting: RHB Juan Gonzáles 0-0: Foul Ball, location: 2F
0-1: Called Strike
0-2: Strikes out swinging
Batting: RHB Juan Jose Guevana 0-0: Called Strike
0-1: Ball
1-1: Ball
2-1: Foul Ball, location: 2F
2-2: Strikes out swinging
Batting: RHB José Herrera 0-0: Called Strike
0-1: Ball
1-1: Ball
2-1: Called Strike
2-2: Foul Ball, location: 2F
2-2: Strikes out looking
Bottom of the 1st over - 0 run(s), 0 hit(s), 0 error(s), 0 left on base; Mexico City 0 - Mile High 0
TOP OF THE 2ND
Mexico City Cerveceros batting - Pitching for Mile High Broncos : RHP Bob Smith
Batting: LHB Luka Lagerweij 0-0: Ball
1-0: SOLO HOME RUN (Flyball, 8RXD), Distance : 440 ft
Batting: RHB Rafael Rincón 0-0: Foul Ball, location: 2F
0-1: Ball
1-1: Ball
2-1: Foul Ball, location: 2F
2-2: Strikes out swinging
Batting: RHB Dave Morgan 0-0: Ball
1-0: Ball
2-0: Ball
3-0: Base on Balls
Batting: LHB Brandon Cummings 0-0: Foul Ball, location: 2F
0-1: Swinging Strike
0-2: 2-RUN HOME RUN (Flyball, 89XD), Distance : 419 ft
Batting: RHB Dennis Stephenson 0-0: Ball
1-0: Ball
2-0: Ground out 6-3 (Groundball, 6M)
Batting: RHB Reynold Akker 0-0: Ball
1-0: Ball
2-0: Foul Ball, location: 2F
2-1: Ball
3-1: Base on Balls
Batting: RHB Henning Huisman 0-0: Ball
1-0: Foul Ball, location: 2F
1-1: Swinging Strike
1-2: Foul Ball, location: 2F
1-2: Ball
2-2: Strikes out swinging
Top of the 2nd over - 3 run(s), 2 hit(s), 0 error(s), 1 left on base; Mexico City 3 - Mile High 0
BOTTOM OF THE 2ND
Mile High Broncos batting - Pitching for Mexico City Cerveceros : RHP Thomas Hughes
Batting: RHB Vincente Ventura 0-0: Ball
1-0: Foul Ball, location: 2F
1-1: Ball
2-1: Foul Ball, location: 2F
2-2: Ball
3-2: Foul Ball, location: 2F
3-2: Foul Ball, location: 2F
3-2: DOUBLE (Line Drive, 5D)
Batting: LHB Bill Houston 0-0: Ball
1-0: Ball
2-0: Swinging Strike
2-1: Called Strike
2-2: Ball
3-2: Strikes out swinging
Batting: SHB Tom Stevens 0-0: Called Strike
0-1: Ball
1-1: Ball
2-1: Ball
3-1: Foul Ball, location: 2F
3-2: Base on Balls
Batting: RHB Terry Fuller 0-0: Foul Ball, location: 2F
0-1: Ball
1-1: DOUBLE (Groundball, 5L)
Vincente Ventura scores
Tom Stevens to third
Batting: RHB José Rodríguez 0-0: Ball
1-0: Called Strike
1-1: Called Strike
1-2: Ball
2-2: Foul Ball, location: 2F
2-2: Strikes out swinging
Batting: RHB Mançio Delmage 0-0: Ball
1-0: Fly out, F4 (Popup, 4)
Bottom of the 2nd over - 1 run(s), 2 hit(s), 0 error(s), 2 left on base; Mexico City 3 - Mile High 1
TOP OF THE 3RD
Mexico City Cerveceros batting - Pitching for Mile High Broncos : RHP Bob Smith
Batting: RHB Iván Gonzáles 0-0: Called Strike
0-1: Ground out 6-3 (Groundball, 6M)
Batting: LHB Robinson Fernández 0-0: Ball
1-0: Fly out, F6 (Popup, 6D)
Batting: LHB Luka Lagerweij 0-0: Ball
1-0: Called Strike
1-1: Ball
2-1: Foul Ball, location: 2F
2-2: Fly out, F4 (Popup, 4MD)
Top of the 3rd over - 0 run(s), 0 hit(s), 0 error(s), 0 left on base; Mexico City 3 - Mile High 1
BOTTOM OF THE 3RD
Mile High Broncos batting - Pitching for Mexico City Cerveceros : RHP Thomas Hughes
Batting: RHB Juan Gonzáles 0-0: Ball
1-0: Foul Ball, location: 2F
1-1: Ball
2-1: Ball
3-1: Fly out, F1 (Line Drive, 13)
Batting: RHB Juan Jose Guevana 0-0: Called Strike
0-1: Swinging Strike
0-2: Foul Ball, location: 2F
0-2: Ball
1-2: Foul Ball, location: 2F
1-2: Ball
2-2: Foul Ball, location: 2F
2-2: Ball
3-2: Strikes out swinging
Batting: RHB José Herrera 0-0: Foul Ball, location: 2F
0-1: Ball
1-1: Called Strike
1-2: Strikes out swinging
Bottom of the 3rd over - 0 run(s), 0 hit(s), 0 error(s), 0 left on base; Mexico City 3 - Mile High 1
TOP OF THE 4TH
Mexico City Cerveceros batting - Pitching for Mile High Broncos : RHP Bob Smith
Batting: RHB Rafael Rincón 0-0: Fly out, F8 (Flyball, 8RXD)
Batting: RHB Dave Morgan 0-0: Ball
1-0: Ball
2-0: Swinging Strike
2-1: Ball
3-1: Base on Balls
Batting: LHB Brandon Cummings 0-0: Called Strike
0-1: Called Strike
0-2: Strikes out swinging
Batting: RHB Dennis Stephenson 0-0: Ball
1-0: Called Strike
1-1: Ball
2-1: Foul Ball, location: 2F
2-2: Foul Ball, location: 2F
2-2: Ball
3-2: Reached on error, E6 (Groundball, 56)
Dave Morgan to third
Batting: RHB Reynold Akker 0-0: Called Strike
0-1: Foul Ball, location: 2F
0-2: Ball
1-2: Ball
2-2: Foul Ball, location: 2F
2-2: Foul Ball, location: 2F
2-2: Ball
3-2: Foul Ball, location: 2F
3-2: SINGLE (Flyball, 7S)
Dave Morgan scores
Dennis Stephenson to third
Dennis Stephenson scores
Batting: RHB Henning Huisman 0-0: Fly out, F8 (Flyball, 8RD)
Top of the 4th over - 2 run(s), 1 hit(s), 1 error(s), 1 left on base; Mexico City 5 - Mile High 1
BOTTOM OF THE 4TH
Mile High Broncos batting - Pitching for Mexico City Cerveceros : RHP Thomas Hughes
Batting: RHB Vincente Ventura 0-0: Ball
1-0: Ball
2-0: Foul Ball, location: 2F
2-1: Ball
3-1: Foul Ball, location: 2F
3-2: Foul Ball, location: 2F
3-2: SINGLE (Line Drive, 9LS)
Batting: LHB Bill Houston 0-0: Ball
1-0: Swinging Strike
1-1: Ball
2-1: Foul Ball, location: 2F
2-2: Ball
3-2: Strikes out swinging
Batting: SHB Tom Stevens 0-0: Ball
1-0: Called Strike
1-1: Ball
2-1: Foul Ball, location: 2F
2-2: Strikes out looking
Batting: RHB Terry Fuller 0-0: Ball
1-0: Foul Ball, location: 2F
1-1: Ball
2-1: Called Strike
Vincente Ventura is caught stealing 2nd base
Bottom of the 4th over - 0 run(s), 1 hit(s), 0 error(s), 0 left on base; Mexico City 5 - Mile High 1
TOP OF THE 5TH
Mexico City Cerveceros batting - Pitching for Mile High Broncos : RHP Bob Smith
Pitching: RHP Thomas Young
Batting: RHB Iván Gonzáles 0-0: Ball
1-0: Ball
2-0: Called Strike
2-1: Ball
3-1: Ground out 6-3 (Groundball, 6)
Batting: LHB Robinson Fernández 0-0: Ball
1-0: Swinging Strike
1-1: Foul Ball, location: 2F
1-2: Strikes out swinging
Batting: LHB Luka Lagerweij 0-0: Ball
1-0: Ball
2-0: Called Strike
2-1: Ground out 4-3 (Groundball, 4)
Top of the 5th over - 0 run(s), 0 hit(s), 0 error(s), 0 left on base; Mexico City 5 - Mile High 1
BOTTOM OF THE 5TH
Mile High Broncos batting - Pitching for Mexico City Cerveceros : RHP Thomas Hughes
Batting: RHB Terry Fuller 0-0: SINGLE (Groundball, 56D) (infield hit)
Batting: RHB José Rodríguez 0-0: Ball
1-0: Foul Ball, location: 2F
1-1: Ball
2-1: Foul Ball, location: 2F
2-2: Foul Ball, location: 2F
2-2: Strikes out swinging
Batting: RHB Mançio Delmage 0-0: Swinging Strike
0-1: Called Strike
0-2: SINGLE (Groundball, 5D)
Terry Fuller to second
Batting: RHB Juan Gonzáles 0-0: Foul Ball, location: 2F
0-1: Foul Ball, location: 2F
0-2: Foul Ball, location: 2F
0-2: Ball
1-2: Ball
2-2: Ball
3-2: Fly out, F8 (Flyball, 8RD)
Pitching: RHP Bartolo Muńóz
Batting: RHB Juan Jose Guevana 0-0: Ground out 5-3 (Groundball, 56S)
Bottom of the 5th over - 0 run(s), 2 hit(s), 0 error(s), 2 left on base; Mexico City 5 - Mile High 1
TOP OF THE 6TH
Mexico City Cerveceros batting - Pitching for Mile High Broncos : RHP Thomas Young
Batting: RHB Rafael Rincón 0-0: Ball
1-0: Called Strike
1-1: Foul Ball, location: 2F
1-2: Ball
2-2: Strikes out swinging
Batting: RHB Dave Morgan 0-0: Ball
1-0: Called Strike
1-1: Called Strike
1-2: Foul Ball, location: 2F
1-2: Ball
2-2: Ground out 5-3 (Groundball, 5L)
Batting: LHB Brandon Cummings 0-0: Swinging Strike
0-1: Fly out, F8 (Flyball, 8RM)
Top of the 6th over - 0 run(s), 0 hit(s), 0 error(s), 0 left on base; Mexico City 5 - Mile High 1
BOTTOM OF THE 6TH
Mile High Broncos batting - Pitching for Mexico City Cerveceros : RHP Bartolo Muńóz
Batting: RHB José Herrera 0-0: Ball
1-0: Called Strike
1-1: Ground out 4-3 (Groundball, 34)
Batting: RHB Vincente Ventura 0-0: Swinging Strike
0-1: Ball
1-1: Ball
2-1: Called Strike
2-2: Fly out, F9 (Flyball, 89M)
Batting: LHB Bill Houston 0-0: Foul Ball, location: 2F
0-1: Called Strike
0-2: Ball
1-2: Foul Ball, location: 2F
1-2: Ground out 1-3 (Groundball, 13)
Bottom of the 6th over - 0 run(s), 0 hit(s), 0 error(s), 0 left on base; Mexico City 5 - Mile High 1
TOP OF THE 7TH
Mexico City Cerveceros batting - Pitching for Mile High Broncos : RHP Thomas Young
Pitching: RHP Ramón Soto
Batting: RHB Dennis Stephenson 0-0: Foul Ball, location: 2F
0-1: Foul Ball, location: 2F
0-2: Strikes out swinging
Batting: RHB Reynold Akker 0-0: Called Strike
0-1: Foul Ball, location: 2F
0-2: Strikes out swinging
Batting: RHB Henning Huisman 0-0: Ball
1-0: Foul Ball, location: 2F
1-1: Swinging Strike
1-2: Foul Ball, location: 2F
1-2: Foul Ball, location: 2F
1-2: Foul Ball, location: 2F
1-2: Strikes out swinging
Top of the 7th over - 0 run(s), 0 hit(s), 0 error(s), 0 left on base; Mexico City 5 - Mile High 1
BOTTOM OF THE 7TH
Mile High Broncos batting - Pitching for Mexico City Cerveceros : RHP Bartolo Muńóz
Batting: SHB Tom Stevens 0-0: Foul Ball, location: 2F
0-1: Called Strike
0-2: Ball
1-2: Foul Ball, location: 2F
1-2: Strikes out swinging
Batting: RHB Terry Fuller 0-0: Called Strike
0-1: Foul Ball, location: 2F
0-2: Foul Ball, location: 2F
0-2: Strikes out swinging
Batting: RHB José Rodríguez 0-0: Ball
1-0: Ground out 5-3 (Groundball, 56)
Bottom of the 7th over - 0 run(s), 0 hit(s), 0 error(s), 0 left on base; Mexico City 5 - Mile High 1
TOP OF THE 8TH
Mexico City Cerveceros batting - Pitching for Mile High Broncos : RHP Ramón Soto
Batting: RHB Iván Gonzáles 0-0: Ball
1-0: Called Strike
1-1: Ball
2-1: Foul Ball, location: 2F
2-2: Strikes out swinging
Batting: LHB Robinson Fernández 0-0: DOUBLE (Flyball, 78XD)
Batting: LHB Luka Lagerweij 0-0: Intentional Walk
Batting: RHB Rafael Rincón 0-0: Called Strike
0-1: Ball
1-1: Foul Ball, location: 2F
1-2: Foul Ball, location: 2F
1-2: Ball
2-2: Ball
3-2: Strikes out looking
Batting: RHB Dave Morgan 0-0: Ball
1-0: SINGLE (Flyball, 89S)
Robinson Fernández to third
Luka Lagerweij to second
Runner from 3rd tries for Home, SAFE, no throw or cutoff
Batting: LHB Brandon Cummings 0-0: Called Strike
0-1: Ball
1-1: Ball
2-1: Ball
3-1: Called Strike
3-2: Base on Balls
Luka Lagerweij to third
Dave Morgan to second
Pitching: RHP Tony Marrero
Batting: RHB Dennis Stephenson 0-0: Called Strike
0-1: Called Strike
0-2: Strikes out looking
Top of the 8th over - 1 run(s), 2 hit(s), 0 error(s), 3 left on base; Mexico City 6 - Mile High 1
BOTTOM OF THE 8TH
Mile High Broncos batting - Pitching for Mexico City Cerveceros : RHP Bartolo Muńóz
Pitching: RHP Jared Cameron
Now at C: Jorge González
Now at 2B: Ricardo Márquez
Now in CF: Víctor Carrillo
Batting: RHB Mançio Delmage 0-0: Called Strike
0-1: Ball
1-1: Ball
2-1: SINGLE (Line Drive, 7LM)
Batting: RHB Juan Gonzáles 0-0: Ball
1-0: Ball
2-0: Called Strike
2-1: Ball
3-1: Foul Ball, location: 2F
3-2: Base on Balls
Mançio Delmage to second
Batting: RHB Juan Jose Guevana 0-0: Ball
1-0: Foul Ball, location: 2F
1-1: Ball
2-1: Ball
3-1: Base on Balls
Mançio Delmage to third
Juan Gonzáles to second
Batting: RHB José Herrera 0-0: Called Strike
0-1: Ball
1-1: Foul Ball, location: 2F
1-2: Foul Ball, location: 2F
1-2: Ball
2-2: Strikes out swinging
Batting: RHB Vincente Ventura 0-0: Ball
1-0: Called Strike
1-1: Called Strike
1-2: Ball
2-2: Strikes out looking
Pitching: RHP Howard Joyce
Batting: LHB Bill Houston 0-0: Foul Ball, location: 2F
0-1: Called Strike
0-2: Ball
1-2: Ball
Wild Pitch!
Mançio Delmage scores
Juan Gonzáles to third
Juan Jose Guevana to second
2-2: Foul Ball, location: 2F
2-2: Ball
3-2: Base on Balls
Batting: SHB Tom Stevens 0-0: Ball
1-0: SINGLE (Groundball, 34)
Juan Gonzáles scores
Juan Jose Guevana to third
Bill Houston to second
Runner from 3rd tries for Home, SAFE, no throw or cutoff
Batting: RHB Terry Fuller 0-0: Foul Ball, location: 2F
0-1: Swinging Strike
0-2: Strikes out looking
Bottom of the 8th over - 3 run(s), 2 hit(s), 0 error(s), 2 left on base; Mexico City 6 - Mile High 4
TOP OF THE 9TH
Mexico City Cerveceros batting - Pitching for Mile High Broncos : RHP Cristo Canó
Pitching: RHP Cristo Canó
Batting: RHB Reynold Akker 0-0: Called Strike
0-1: Ball
1-1: Fly out, F4 (Popup, 3DF)
Batting: RHB Henning Huisman 0-0: Called Strike
0-1: Ball
1-1: Called Strike
1-2: Strikes out looking
Batting: RHB Iván Gonzáles 0-0: Ball
1-0: Ball
2-0: Ground out 5-3 (Groundball, 56S)
Top of the 9th over - 0 run(s), 0 hit(s), 0 error(s), 0 left on base; Mexico City 6 - Mile High 4
BOTTOM OF THE 9TH
Mile High Broncos batting - Pitching for Mexico City Cerveceros : RHP Howard Joyce
Pitching: RHP Ernesto Beltrán
Batting: RHB José Rodríguez 0-0: Ball
1-0: Ball
2-0: Ball
3-0: Ground out 5-3 (Groundball, 56)
Batting: RHB Mançio Delmage 0-0: Called Strike
0-1: Swinging Strike
0-2: Ground out 5-3 (Groundball, 5S)
Batting: RHB Juan Gonzáles 0-0: Called Strike
0-1: Fly out, F8 (Flyball, 8LXD)
Bottom of the 9th over - 0 run(s), 0 hit(s), 0 error(s), 0 left on base; Mexico City 6 - Mile High 4
This league is powered by Out of the Park Baseball, the baseball management simulation game for PC, Mac and Linux
Saturday, April 9th, 2016 - OOTP Baseball 16.8 Build 38